 Dungeon Crawl Stone Soup version 0.23-a0-54-gae6112e (webtiles) character file.

10 Amnesiac the Gusty (level 2, 0/19 HPs)
             Began as a Mummy Air Elementalist on Aug 8, 2018.
             Slain by an orc
             ... wielding a +0 whip
              (1 damage)
             ... on level 5 of the Dungeon.
             The game lasted 00:01:49 (1225 turns).

Amnesiac the Gusty (Mummy Air Elementalist)         Turns: 1225, Time: 00:01:50

Health: 0/19       AC:  2    Str: 11    XL:     2   Next: 10%
Magic:  5/5        EV: 12    Int: 14    God:
Gold:   66         SH:  0    Dex: 12    Spells: 5/6 levels left

rFire    x . .     SeeInvis .   e - +0 mace
rCold    + . .     Gourm    .   (no shield)
rNeg     + + +     Faith    .   a - +0 robe
rPois    ∞         Spirit   .   (no helmet)
rElec    .         Reflect  .   (no cloak)
rCorr    .         Harm     .   (no gloves)
MR       .....                  (no boots)
Stlth    ++........             (no amulet)
HPRegen  0.06/turn              (no ring)
MPRegen  0.09/turn              (no ring)

@: no status effects
A: no food or potions, fire vulnerability, cold resistance 1, negative energy
resistance 3, torment resistance, unbreathing
a: no special abilities


You were on level 5 of the Dungeon.
You were not hungry.

You visited 1 branch of the dungeon, and saw 6 of its levels.

You collected 66 gold pieces.

Inventory:

Hand Weapons
 b - a +0 dagger
 d - a +0 short sword
 e - a +0 mace (weapon)
Missiles
 c - 84 stones (quivered)
Armour
 a - a +0 robe (worn)
Wands
 f - a wand of random effects (3)


   Skills:
 - Level 1.5 Dodging
 - Level 1.5 Stealth
 + Level 2.8 Spellcasting
 - Level 0.7 Conjurations
 * Level 2.9 Air Magic


You had 5 spell levels left.
You knew the following spells:

 Your Spells              Type           Power        Failure   Level  Hunger
w - Shock                 Conj/Air       #...         11%         1    N/A

Your spell library contained the following spells:

 Spells                   Type           Power        Failure   Level  Hunger
 Lightning Bolt           Conj/Air       #.........   96%         5    N/A
 Swiftness                Chrm/Air       #.......     19%         2    N/A
 Airstrike                Air            ##........   54%         4    N/A
 Static Discharge         Conj/Air       #.......     30%         3    N/A

Dungeon Overview and Level Annotations

Branches:
Dungeon (6/15)
 Temple: D:4-7

Altars:


Innate Abilities, Weirdness & Mutations

You do not eat or drink.
Your flesh is vulnerable to fire.
You are immune to poison.
Your flesh is cold resistant. (rC+)
You are immune to negative energy. (rN+++)
You are immune to unholy pain and torment.
You can survive without breathing.


Message History

You start resting.
Found an escape hatch in the floor.
c - 84 stones (gained 25)
You start resting.
HP restored.
Found an escape hatch in the ceiling.
Found a stone staircase leading down.
You now have 66 gold pieces (gained 9).
An orc warrior comes into view. It is wielding a hand axe.
Found a scroll labeled VAL QIXZEASOA.
There is an escape hatch in the floor here.
There is an escape hatch in the ceiling here.
A mysterious force pulls you upwards. The hatch slams shut behind you.
The orc shouts!
An orc comes into view. It is wielding a hand axe.
The orc shouts!
You hear a shout!
An orc wizard comes into view. It is wielding a dagger.
Found a brass wand.
You see here a wand of random effects (9).
f - a wand of random effects (9)
The orc hits you with a whip.
Evoke which item? (* to show all) (? for menu, Esc to quit)
Aiming: Random Effects
Press: ? - help, Shift-Dir - straight line, f - orc wizard
Aim: an orc wizard, wielding a dagger and wearing a robe The orc wizard resists with some effort.
The orc hits you but does no damage. The orc hits you with a whip.
Evoke which item? (* to show all) (? for menu, Esc to quit)
Aiming: Random Effects
Press: ? - help, Shift-Dir - straight line, f/p - orc wizard
Aim: an orc wizard, wielding a dagger and wearing a robe The orc resists with significant effort.
The orc hits you with a hand axe.
* * * LOW HITPOINT WARNING * * *
Evoke which item? (* to show all) (? for menu, Esc to quit)
Aiming: Random Effects
Press: ? - help, Shift-Dir - straight line, f/p - orc wizard
Aim: an orc wizard, wielding a dagger and wearing a robe The orc wizard twists and deforms.
Evoke which item? (* to show all) (? for menu, Esc to quit)
Aiming: Random Effects
Press: ? - help, Shift-Dir - straight line, f/p - orc wizard
Aim: an orc wizard, wielding a dagger and wearing a robe (misshapen and mutated)
The orc wizard resists with significant effort.
The orc wizard hits you but does no damage.
The orc hits you with a hand axe!
* * * LOW HITPOINT WARNING * * *
Evoke which item? (* to show all) (? for menu, Esc to quit)
Aiming: Random Effects
Press: ? - help, Shift-Dir - straight line, f/p - orc wizard
Aim: an orc wizard, wielding a dagger and wearing a robe (misshapen and mutated)
The puff of frost hits the orc wizard.
The orc wizard is moderately wounded.
The orc barely misses you.
The orc wizard hits you but does no damage.
The orc closely misses you.
Evoke which item? (* to show all) (? for menu, Esc to quit)
Aiming: Random Effects
Press: ? - help, Shift-Dir - straight line, f/p - orc wizard
Aim: an orc wizard, wielding a dagger and wearing a robe (moderately wounded, misshapen and mutated)
The puff of frost hits the orc wizard.
The orc wizard is severely wounded.
The orc hits you with a whip.
You die...

#####......o.#
########.###
#........
#........
#........#
####........#
#...........
#..oo###...
#..o@# #....#
#....# #....#
#....# ######


You could see an orc wizard and 2 orcs.

Vanquished Creatures
  2 bats
  A giant cockroach (D:1)
  A hobgoblin (D:3)
  A ball python (D:3)
  A frilled lizard (D:3)
  A goblin (D:1)
  3 kobolds (D:1)
  A rat (D:1)
11 creatures vanquished.

Notes
Turn   | Place    | Note
-------+----------+-------------------------------------------
     0 | D:1      | Amnesiac the Mummy Air Elementalist began the quest for the Orb.
     0 | D:1      | Reached XP level 1. HP: 13/13 MP: 4/4
   832 | D:3      | Reached XP level 2. HP: 12/19 MP: 5/5
  1025 | D:4      | Noticed a wight
  1026 | D:4      | Noticed a wight
  1027 | D:4      | Noticed a wight
  1028 | D:4      | Noticed a wight
  1052 | D:4      | You fall through a shaft!
  1052 | D:5      | Entered Level 5 of the Dungeon
  1202 | D:6      | Noticed an orc warrior
  1225 | D:5      | Slain by an orc

Vault maps used:
D:1:      elethiomel_arrival_shortcut, hex_medium
D:2:      minmay_door_path, overflow_temple_1_default, marbit_many_paths
D:3:      minmay_diamond_boxcup, eat_drink_and_be_merry_uskayaw
D:4:      enter_ossuary_2, serial_shops, nicolae_shop_behind_doors,
          nicolae_shop_crystal, nicolae_shop_trees, kennysheep_mini,
          item_on_display_a, uniq_crazy_yiuf_cottage, uniq_duvessa
D:5:      gammafunk_wand_slinger, grunt_temple_overflow_opulence, serial_glass,
          glass_columns_c, glass_columns_c, first_ration
D:6:      minmay_temple_entry_crystal_x, serial_shops, kennysheep_mini_moat,
          nicolae_shop_stone, shop, nicolae_shop_competitors_out_of_business

Action                   || total
-------------------------++-------
Melee: Dagger            ||    38
       Short sword       ||     6
       Mace              ||    12
Evoke: Wand              ||     6
  Use: Scroll            ||     2
 Stab: Sleeping          ||     1
Armor: Robe              ||    14
Dodge: Dodged            ||    49

Table legend:
 A = Spawn XP
 B = Non-spawn XP
 C = Spawn XP percentage of total XP
 D = Spawn monster count
 E = Non-spawn monster count
 F = Spawn count percentage of total count
 G = Total turns spent on level
                    A         B        C        D         E        F      G
               +---------+---------+-------+---------+---------+-------+---------
         Total |       0 |      15 |   0.0 |       0 |      11 |   0.0 |  1225
               +---------+---------+-------+---------+---------+-------+---------
           D:1 |       0 |      10 |   0.0 |       0 |       7 |   0.0 |   752
           D:3 |       0 |       5 |   0.0 |       0 |       4 |   0.0 |   248
               +---------+---------+-------+---------+---------+-------+---------
